| TOP OF THE 1ST |
|
Baltimore Orioles batting - Pitching for California Angels : LHP Jeff Baker
|
|
Pitching: LHP Jeff Baker
|
|
|
Batting: RHB Rudo Garciaparra
|
0-0: Swinging Strike 0-1: Foul Ball, location: 2F 0-2: Ball 1-2: Strikes out looking
|
|
Batting: LHB Brad Pepin
|
0-0: Ground out 4-3 (Groundball, 4, EV 105.0 MPH)
|
|
Batting: RHB Saimei Kudo
|
0-0: Called Strike 0-1: Ball 1-1: SINGLE (Groundball, 6MD, EV 99.4 MPH)
|
|
Batting: RHB Marc Peckermark
|
0-0: Ball 1-0: Swinging Strike 1-1: Ball Saimei Kudo is caught stealing 2nd base 2-4
|
| Top of the 1st over - 0 runs, 1 hit, 0 errors, 0 left on base; Baltimore 0 - California 0 |
| BOTTOM OF THE 1ST |
|
California Angels batting - Pitching for Baltimore Orioles : LHP Silas Chinn
|
|
Pitching: LHP Silas Chinn
|
|
|
Batting: RHB Alain Delhaye
|
0-0: Ball 1-0: Foul Ball, location: 2F 1-1: DOUBLE (Line Drive, 78XD, EV 111.2 MPH)
|
|
Batting: RHB Luis Romero
|
0-0: Swinging Strike 0-1: Ball 1-1: Swinging Strike 1-2: Strikes out looking
|
|
Batting: RHB Preston Deakyne
|
0-0: Foul Ball, location: 2F 0-1: Foul Ball, location: 2F 0-2: DOUBLE (Line Drive, 9LM, EV 105.0 MPH) Alain Delhaye scores
|
|
Batting: RHB Bjoern Waltersson
|
0-0: Called Strike 0-1: Ball 1-1: Fly out, F8 (Flyball, 8LD, EV 102.5 MPH)
|
|
Batting: RHB Nick Dunn
|
0-0: Ball 1-0: Ball 2-0: Ball 3-0: Called Strike 3-1: Called Strike 3-2: Foul Ball, location: 2F 3-2: Fly out, F7 (Flyball, 7D, EV 91.2 MPH)
|
| Bottom of the 1st over - 1 run, 2 hits, 0 errors, 1 left on base; Baltimore 0 - California 1 |
| TOP OF THE 2ND |
|
Baltimore Orioles batting - Pitching for California Angels : LHP Jeff Baker
|
|
Batting: RHB Marc Peckermark
|
0-0: Ball 1-0: Ground out 4-3 (Groundball, 4, EV 88.8 MPH)
|
|
Batting: RHB Vince Jackson
|
0-0: Ball 1-0: Ball 2-0: Ball 3-0: Called Strike 3-1: Swinging Strike 3-2: Strikes out looking
|
|
Batting: RHB Tenshou Takita
|
0-0: Ball 1-0: Called Strike 1-1: Called Strike 1-2: Strikes out swinging
|
| Top of the 2nd over - 0 runs, 0 hits, 0 errors, 0 left on base; Baltimore 0 - California 1 |
| BOTTOM OF THE 2ND |
|
California Angels batting - Pitching for Baltimore Orioles : LHP Silas Chinn
|
|
Batting: RHB Avery Maxwell
|
0-0: Ball 1-0: Ball 2-0: Ball 3-0: Called Strike 3-1: Called Strike 3-2: SINGLE (Groundball, 25, EV 71.9 MPH) (infield hit)
|
|
Batting: LHB Javier Trujillo
|
0-0: Ball 1-0: Called Strike 1-1: Foul Ball, location: 2F 1-2: SINGLE (Groundball, 6MD, EV 95.0 MPH) Avery Maxwell to second
|
|
Batting: LHB Micah Miller
|
0-0: Ball 1-0: Swinging Strike 1-1: Ball 2-1: Swinging Strike 2-2: Strikes out looking
|
|
Batting: LHB Justin Alexander
|
0-0: Ball 1-0: Ball 2-0: Fly out, F7 (Line Drive, 7, EV 92.5 MPH)
|
|
Batting: RHB Alain Delhaye
|
0-0: Ball 1-0: Ball 2-0: Called Strike 2-1: Ball 3-1: Foul Ball, location: 2F 3-2: TRIPLE (Line Drive, 89XD, EV 108.8 MPH) Avery Maxwell scores Javier Trujillo scores
|
|
Batting: RHB Luis Romero
|
0-0: Ball 1-0: Foul Ball, location: 2F 1-1: Ball 2-1: Ground out 3-1 (Groundball, 34S, EV 93.8 MPH)
|
| Bottom of the 2nd over - 2 runs, 3 hits, 0 errors, 1 left on base; Baltimore 0 - California 3 |
| TOP OF THE 3RD |
|
Baltimore Orioles batting - Pitching for California Angels : LHP Jeff Baker
|
|
Batting: RHB Travis Leonard
|
0-0: Ball 1-0: Foul Ball, location: 2F 1-1: SINGLE (Groundball, 6MS, EV 70.6 MPH) (infield hit)
|
|
Batting: SHB Eduardo Maldonado
|
0-0: Foul Ball, location: 2F 0-1: Foul Ball, location: 2F 0-2: Strikes out swinging
|
|
Batting: RHB Bobby Melillo
|
0-0: Foul Ball, location: 2F 0-1: Called Strike 0-2: Ball 1-2: SINGLE (Groundball, 5S, EV 68.8 MPH) (infield hit) Travis Leonard to second
|
|
Batting: RHB Rudo Garciaparra
|
0-0: Swinging Strike 0-1: Called Strike 0-2: Ball 1-2: Ball 2-2: Ball 3-2: Grounds into double play, 6-4-3 (Groundball, 6, EV 91.2 MPH)
|
| Top of the 3rd over - 0 runs, 2 hits, 0 errors, 1 left on base; Baltimore 0 - California 3 |
| BOTTOM OF THE 3RD |
|
California Angels batting - Pitching for Baltimore Orioles : LHP Silas Chinn
|
|
Pitching: RHP Jonathan Spicer
|
|
|
Batting: RHB Preston Deakyne
|
0-0: Foul Ball, location: 2F 0-1: Foul Ball, location: 2F 0-2: SOLO HOME RUN (Flyball, 78XD, EV 115.0 MPH), Distance : 444 ft
|
|
Batting: RHB Bjoern Waltersson
|
0-0: Called Strike 0-1: Ball 1-1: SINGLE (Flyball, 9LS, EV 85.0 MPH)
|
|
Batting: RHB Nick Dunn
|
0-0: Called Strike 0-1: Ball 1-1: Grounds into double play, 6-4-3 (Groundball, 6, EV 96.9 MPH)
|
|
Batting: RHB Avery Maxwell
|
0-0: Ball 1-0: Ball 2-0: Called Strike 2-1: Fly out, F9 (Flyball, 9D, EV 108.8 MPH)
|
| Bottom of the 3rd over - 1 run, 2 hits, 0 errors, 0 left on base; Baltimore 0 - California 4 |
| TOP OF THE 4TH |
|
Baltimore Orioles batting - Pitching for California Angels : LHP Jeff Baker
|
|
Batting: LHB Brad Pepin
|
0-0: Called Strike 0-1: Swinging Strike 0-2: Ball 1-2: Ball 2-2: Foul Ball, location: 2F 2-2: Foul Ball, location: 2F 2-2: Ground out 4-3 (Groundball, 4S, EV 71.9 MPH)
|
|
Batting: RHB Saimei Kudo
|
0-0: Called Strike 0-1: Foul Ball, location: 2F 0-2: Strikes out swinging
|
|
Batting: RHB Marc Peckermark
|
0-0: Foul Ball, location: 2F 0-1: Ground out 5-3 (Groundball, 5L, EV 84.4 MPH)
|
| Top of the 4th over - 0 runs, 0 hits, 0 errors, 0 left on base; Baltimore 0 - California 4 |
| BOTTOM OF THE 4TH |
|
California Angels batting - Pitching for Baltimore Orioles : RHP Jonathan Spicer
|
|
Batting: LHB Javier Trujillo
|
0-0: Called Strike 0-1: Swinging Strike 0-2: Ball 1-2: Ground out 6-3 (Groundball, 6, EV 83.8 MPH)
|
|
Batting: LHB Micah Miller
|
0-0: Called Strike 0-1: Swinging Strike 0-2: Ground out 4-3 (Groundball, 34, EV 105.0 MPH)
|
|
Batting: LHB Justin Alexander
|
0-0: Swinging Strike 0-1: Ball 1-1: Ground out U3 (Groundball, 34, EV 83.8 MPH)
|
| Bottom of the 4th over - 0 runs, 0 hits, 0 errors, 0 left on base; Baltimore 0 - California 4 |
| TOP OF THE 5TH |
|
Baltimore Orioles batting - Pitching for California Angels : LHP Jeff Baker
|
|
Pitching: RHP Josh Reynolds
|
|
|
Now at C: Terry Baginski
|
|
|
Now at 1B: Jonathon Walton
|
|
|
Now in LF: Brandon Davis
|
|
|
Batting: RHB Vince Jackson
|
0-0: Ground out 5-3 (Groundball, 5, EV 104.4 MPH)
|
|
Batting: RHB Tenshou Takita
|
0-0: Ball 1-0: Ball 2-0: Called Strike 2-1: SINGLE (Groundball, 6S, EV 62.5 MPH) (infield hit)
|
|
Batting: RHB Travis Leonard
|
0-0: Ball Tenshou Takita steals 2nd base 1-0: Reached on error, E3 (Groundball, 34, EV 78.1 MPH) Tenshou Takita to third
|
|
Batting: SHB Eduardo Maldonado
|
0-0: Ball 1-0: Ball 2-0: Ball 3-0: Called Strike 3-1: Base on Balls Travis Leonard to second
|
|
Pinch Hitting: SHB Cesar Herrera
|
0-0: Ball 1-0: Foul Ball, location: 2F 1-1: Ball 2-1: Foul Ball, location: 2F 2-2: Ball 3-2: Base on Balls Tenshou Takita scores Travis Leonard to third Eduardo Maldonado to second
|
|
Batting: RHB Rudo Garciaparra
|
0-0: Foul Ball, location: 2F 0-1: Ball 1-1: Ball Wild Pitch! Travis Leonard scores Eduardo Maldonado to third Cesar Herrera to second 2-1: Foul Ball, location: 2F 2-2: Ground out 4-3 (Groundball, 4, EV 83.1 MPH) Eduardo Maldonado scores Cesar Herrera to third
|
|
Batting: LHB Brad Pepin
|
0-0: Ball 1-0: Ball 2-0: Ground out 4-3 (Groundball, 4, EV 81.2 MPH)
|
| Top of the 5th over - 3 runs, 1 hit, 1 error, 1 left on base; Baltimore 3 - California 4 |
| BOTTOM OF THE 5TH |
|
California Angels batting - Pitching for Baltimore Orioles : RHP Jonathan Spicer
|
|
Pitching: RHP John Piccola
|
|
|
Now at C: Kory Sanchez
|
|
|
Now at 3B: Cesar Herrera
|
|
|
Now in LF: Tsutomu Miyahara
|
|
|
Batting: LHB Jonathon Walton
|
0-0: Called Strike 0-1: Fly out, F7 (Flyball, 78S, EV 95.0 MPH)
|
|
Batting: RHB Brandon Davis
|
0-0: Swinging Strike 0-1: Ground out 6-3 (Groundball, 6, EV 82.5 MPH)
|
|
Pinch Hitting: RHB Ryuji Ito
|
0-0: Ball 1-0: Foul Ball, location: 2F 1-1: Foul Ball, location: 2F 1-2: SINGLE (Groundball, 34D, EV 109.4 MPH)
|
|
Batting: RHB Bjoern Waltersson
|
0-0: Called Strike 0-1: Called Strike 0-2: Ball 1-2: Strikes out looking
|
| Bottom of the 5th over - 0 runs, 1 hit, 0 errors, 1 left on base; Baltimore 3 - California 4 |
| TOP OF THE 6TH |
|
Baltimore Orioles batting - Pitching for California Angels : RHP Josh Reynolds
|
|
Pitching: RHP George Rosario
|
|
|
Now at 3B: Brett Bugge
|
|
|
Now in LF: James McCauley
|
|
|
Now in CF: Brandon Davis
|
|
|
Batting: RHB Saimei Kudo
|
0-0: Foul Ball, location: 2F 0-1: Swinging Strike 0-2: Ball 1-2: Ball 2-2: Reached on error, E5 (Groundball, 56S, EV 70.0 MPH)
|
|
Batting: RHB Marc Peckermark
|
0-0: Foul Ball, location: 2F 0-1: Foul Ball, location: 2F 0-2: Ball 1-2: Foul Ball, location: 2F 1-2: Strikes out swinging
|
|
Batting: RHB Vince Jackson
|
0-0: 2-RUN HOME RUN (Flyball, 78XD, EV 116.2 MPH), Distance : 473 ft
|
|
Pinch Hitting: SHB Jason Hayes
|
0-0: Foul Ball, location: 2F 0-1: Swinging Strike 0-2: Ball 1-2: Ball 2-2: Ball 3-2: Base on Balls
|
|
Batting: RHB Kory Sanchez
|
0-0: Ball 1-0: Foul Ball, location: 2F 1-1: Ball Jason Hayes steals 2nd base 2-1: Foul Ball, location: 2F 2-2: Foul Ball, location: 2F 2-2: Ball 3-2: Strikes out looking
|
|
Batting: LHB Tsutomu Miyahara
|
0-0: Ball 1-0: Ball 2-0: Ball 3-0: Called Strike 3-1: Base on Balls
|
|
Batting: SHB Cesar Herrera
|
0-0: Ball 1-0: Foul Ball, location: 2F 1-1: Ground out 4-3 (Groundball, 4, EV 90.6 MPH)
|
| Top of the 6th over - 2 runs, 1 hit, 1 error, 2 left on base; Baltimore 5 - California 4 |
| BOTTOM OF THE 6TH |
|
California Angels batting - Pitching for Baltimore Orioles : RHP John Piccola
|
|
Now at 1B: Jason Hayes
|
|
|
Now in LF: Muneer Maudad
|
|
|
Now in RF: Tsutomu Miyahara
|
|
|
Pinch Hitting: RHB Ryan Munro
|
0-0: Called Strike 0-1: SINGLE (Groundball, 56D, EV 105.6 MPH)
|
|
Batting: RHB Terry Baginski
|
0-0: Ball 1-0: Ball 2-0: Called Strike 2-1: SINGLE (Line Drive, 34D, EV 94.4 MPH) Ryan Munro to second
|
|
Batting: LHB Javier Trujillo
|
0-0: Ball 1-0: Bunt missed! 1-1: Ball 2-1: Ball 3-1: Bunted foul 3-2: Foul Ball, location: 2F 3-2: Foul Ball, location: 2F 3-2: SINGLE (Line Drive, 5D, EV 95.6 MPH) Ryan Munro to third Terry Baginski to second
|
|
Pinch Hitting: LHB Rusty Ney
|
0-0: Ball 1-0: Ball 2-0: Called Strike 2-1: Called Strike 2-2: Ball 3-2: Base on Balls Ryan Munro scores Terry Baginski to third Javier Trujillo to second
|
|
Batting: SHB Mario Padron
|
0-0: Ball 1-0: Foul Ball, location: 2F 1-1: GRAND SLAM HOME RUN (Flyball, 89XD, EV 115.0 MPH), Distance : 430 ft
|
|
Pitching: RHP Chris Dauphin
|
|
|
Batting: LHB Jonathon Walton
|
0-0: Ball 1-0: Swinging Strike 1-1: Swinging Strike 1-2: Ball 2-2: Reached on error, E3 (Groundball, 34, EV 100.0 MPH)
|
|
Batting: RHB Brandon Davis
|
0-0: Called Strike 0-1: Fly out, F5 (Line Drive, 5, EV 73.8 MPH)
|
|
Batting: LHB Brett Bugge
|
0-0: Called Strike 0-1: Ball 1-1: SINGLE (Groundball, 4MD, EV 102.5 MPH) Jonathon Walton to third Runner from 3rd tries for Home, throw by CF and OUT! 8-2
|
|
Batting: LHB James McCauley
|
0-0: Ball 1-0: Called Strike 1-1: Ground out 2-3 (Groundball, 15S, EV 75.6 MPH)
|
| Bottom of the 6th over - 5 runs, 5 hits, 1 error, 1 left on base; Baltimore 5 - California 9 |
| TOP OF THE 7TH |
|
Baltimore Orioles batting - Pitching for California Angels : RHP George Rosario
|
|
Pitching: RHP Oscar Andrade
|
|
|
Now at 2B: Ryan Munro
|
|
|
Now at SS: Josh Faulconer
|
|
|
Now in RF: Rusty Ney
|
|
|
Batting: RHB Rudo Garciaparra
|
0-0: Ball 1-0: Called Strike 1-1: Ball 2-1: Ball 3-1: Foul Ball, location: 2F 3-2: Strikes out swinging
|
|
Batting: RHB Muneer Maudad
|
0-0: Foul Ball, location: 2F 0-1: Ball 1-1: Foul Ball, location: 2F 1-2: Strikes out swinging
|
|
Batting: RHB Saimei Kudo
|
0-0: Ball 1-0: Ball 2-0: Ball 3-0: Base on Balls
|
|
Batting: RHB Marc Peckermark
|
0-0: Ball 1-0: Fielders Choice at 2nd, 6-4 (Groundball, 6, EV 83.8 MPH)
|
| Top of the 7th over - 0 runs, 0 hits, 0 errors, 1 left on base; Baltimore 5 - California 9 |
| BOTTOM OF THE 7TH |
|
California Angels batting - Pitching for Baltimore Orioles : RHP Chris Dauphin
|
|
Pitching: RHP Manny Rolfe
|
|
|
Batting: RHB Ryan Munro
|
0-0: SINGLE (Line Drive, 3D, EV 96.2 MPH)
|
|
Batting: RHB Terry Baginski
|
0-0: DOUBLE (Line Drive, 89M, EV 93.1 MPH) Ryan Munro to third
|
|
Batting: RHB Josh Faulconer
|
0-0: Ball 1-0: Ball 2-0: Ball 3-0: Swinging Strike 3-1: Swinging Strike 3-2: Ground out 3-1 (Groundball, 34, EV 92.5 MPH) Ryan Munro scores Terry Baginski to third
|
|
Batting: LHB Rusty Ney
|
0-0: Ball 1-0: Ground out 1-3 (Groundball, P, EV 69.4 MPH)
|
|
Batting: SHB Mario Padron
|
0-0: Ball 1-0: Ball 2-0: Ball 3-0: Ground out U3 (Groundball, 3S, EV 85.6 MPH)
|
| Bottom of the 7th over - 1 run, 2 hits, 0 errors, 1 left on base; Baltimore 5 - California 10 |
| TOP OF THE 8TH |
|
Baltimore Orioles batting - Pitching for California Angels : RHP Oscar Andrade
|
|
Batting: RHB Vince Jackson
|
0-0: Ball 1-0: Swinging Strike 1-1: Ball 2-1: Foul Ball, location: 2F 2-2: Foul Ball, location: 2F 2-2: Ball 3-2: Base on Balls
|
|
Batting: SHB Jason Hayes
|
0-0: Ball 1-0: Ball 2-0: Ball 3-0: Called Strike 3-1: Fly out, F8 (Flyball, 78M, EV 96.2 MPH)
|
|
Pitching: LHP Trevor Sharp
|
|
|
Batting: RHB Kory Sanchez
|
0-0: Ball 1-0: Foul Ball, location: 2F 1-1: Swinging Strike 1-2: Strikes out looking
|
|
Batting: LHB Tsutomu Miyahara
|
0-0: Called Strike 0-1: Ball 1-1: Foul Ball, location: 2F 1-2: Ball 2-2: Ground out 4-3 (Groundball, 4, EV 108.8 MPH)
|
| Top of the 8th over - 0 runs, 0 hits, 0 errors, 1 left on base; Baltimore 5 - California 10 |
| BOTTOM OF THE 8TH |
|
California Angels batting - Pitching for Baltimore Orioles : RHP Manny Rolfe
|
|
Pitching: RHP Hector Aguado
|
|
|
Pinch Hitting: LHB Mark Reeg
|
0-0: Swinging Strike 0-1: Ball 1-1: Foul Ball, location: 2F 1-2: Ball 2-2: Ball 3-2: Strikes out looking
|
|
Batting: RHB Brandon Davis
|
0-0: Swinging Strike 0-1: Swinging Strike 0-2: Foul Ball, location: 2F 0-2: Ball 1-2: Foul Ball, location: 2F 1-2: Strikes out swinging
|
|
Batting: LHB Brett Bugge
|
0-0: Foul Ball, location: 2F 0-1: Foul Ball, location: 2F 0-2: Ball 1-2: Ball 2-2: Foul Ball, location: 2F 2-2: Strikes out swinging
|
| Bottom of the 8th over - 0 runs, 0 hits, 0 errors, 0 left on base; Baltimore 5 - California 10 |
| TOP OF THE 9TH |
|
Baltimore Orioles batting - Pitching for California Angels : LHP Trevor Sharp
|
|
Pitching: LHP Bryan Payne
|
|
|
Now at 1B: Mark Reeg
|
|
|
Pinch Hitting: RHB Alex Rodriguez Jr.
|
0-0: Ball 1-0: Ball 2-0: Ball 3-0: Base on Balls
|
|
Batting: RHB Rudo Garciaparra
|
0-0: Fly out, F3 (Line Drive, 3, EV 69.4 MPH)
|
|
Batting: RHB Muneer Maudad
|
0-0: Ball 1-0: Fly out, F8 (Flyball, 8LM, EV 80.0 MPH)
|
|
Batting: RHB Saimei Kudo
|
0-0: Called Strike 0-1: 2-RUN HOME RUN (Flyball, 89XD, EV 111.2 MPH), Distance : 417 ft
|
|
Batting: RHB Marc Peckermark
|
0-0: Called Strike 0-1: Called Strike 0-2: Ball 1-2: Fly out, F8 (Line Drive, 8RM, EV 103.1 MPH)
|
| Top of the 9th over - 2 runs, 1 hit, 0 errors, 0 left on base; Baltimore 7 - California 10 |
|